 Dungeon Crawl Stone Soup version 0.28.0-49-g6dfe1f597d (webtiles) character file.

Game seed: 11485396441082595463

6 Peloso the Shield-Bearer (level 1, 20/20 HPs)
             Began as a Minotaur Fighter on May 14, 2022.
             Got out of the dungeon alive.
             The game lasted 00:00:47 (692 turns).

Peloso the Shield-Bearer (Minotaur Fighter)          Turns: 692, Time: 00:00:47

Health: 20/20      AC:  7    Str: 20    XL:     1   Next: 75%
Magic:  0/0        EV:  9    Int:  5    God:
Gold:   89         SH:  4    Dex: 11    Spells: 0/0 levels left

rFire   . . .      SeeInvis .   a - +0 long sword
rCold   . . .      Faith    .   c - +0 buckler
rNeg    . . .      Spirit   .   b - +0 scale mail
rPois   .          Reflect  .   (helmet restricted)
rElec   .          Harm     .   (no cloak)
rCorr   .          Rampage  .   (no gloves)
Will    .....                   (no boots)
Stlth   ..........              (no amulet)
HPRegen 0.06/turn               (no ring)
MPRegen 0.07/turn               (no ring)

@: no status effects
A: horns 2, retaliatory headbutt, agile 1, deterioration 1, mutation resistance
1
a: no special abilities


You escaped.
You visited 1 branch of the dungeon, and saw 1 of its levels.

You collected 89 gold pieces.

Inventory:

Hand Weapons
 a - a +0 long sword (weapon)
Armour
 b - a +0 scale mail (worn)
 c - a +0 buckler (worn)
Scrolls
 f - a scroll of amnesia {unknown}
 i - 3 scrolls of identify {unknown}
 j - a scroll of fear {unknown}
 m - a scroll of vulnerability {unknown}
Potions
 d - a potion of might
 g - a potion of haste {unknown}
 h - 2 potions of attraction {unknown}
 k - a potion of curing {unknown}
 l - a potion of heal wounds {unknown}


   Skills:
 + Level 3.8 Fighting
 + Level 2.5 Long Blades
 + Level 3.8 Armour
 + Level 3.8 Shields


You couldn't memorise any spells.
You didn't know any spells.
Your spell library contained the following spells:

 Spells                   Type           Power      Damage    Failure   Level
 Slow                     Hex            0%         N/A       89%         1
 Confusing Touch          Hex            0%         N/A       99%         3
 Vampiric Draining        Necr           0%         2d6       99%         3


Dungeon Overview and Level Annotations

Branches:
Dungeon (1/15)

Altars:


Innate Abilities, Weirdness & Mutations

You have a pair of horns on your head.
You reflexively headbutt those who attack you in melee.
You are agile. (Dex +2)
Your body sometimes deteriorates upon taking damage.
You are somewhat resistant to further mutation.


Message History

There is an escape hatch in the floor here.
You see here 17 stones.
You now have 89 gold pieces (gained 12).
i - 3 scrolls labelled QIOSOF VOSYES
Found a leather armour.
A ball python comes into view.
The ball python hisses angrily.
You see here a metallic silvery potion.
A ball python is nearby!
A ball python is nearby!
Found a scroll labelled NUYREC INOACOO.
You hit the ball python.
You kill the ball python!
You see here a ball python corpse.
j - a scroll labelled NUYREC INOACOO
k - an amethyst potion
l - a metallic silvery potion
m - a scroll labelled MOWOV JOP AHU
Found a hunting sling.
A frilled lizard comes into view.
The frilled lizard hisses angrily.
A frilled lizard is nearby!
A frilled lizard is nearby!
You block the frilled lizard's attack.
You slash the frilled lizard!
You kill the frilled lizard!
You see here a frilled lizard corpse.
You see here 17 stones.
Done exploring.
Done exploring.
Done exploring.
Done exploring.
It was a potion of mutation.
You feel extremely strange.
You feel agile.
You feel yourself wasting away.
You feel genetically stable.
(D) Dungeon
Where to? (? - help)
What level of the Dungeon? (default 1, ? - help)
There is a staircase leading out of the dungeon here.
Are you sure you want to leave the Dungeon?
This will make you lose the game!
You have escaped!

.......# ### ###
####...### #.###.#
###......### #.....#
.......#...###.#.#.###
#####.######.........#
#.######.#.#.#.#.####
#.##.......#.#......#
#.##.#.#.###.###.#.##
#....#......@......#
##...#.#.###.###.#.##
#.#.......#.#......#
###
#.#####.#.#.#.#.####
..# #.# #.........#
#.# #.# ###.#.#.###
#.# #.# #.....# #.##
#.# #.###.## #..###.##
### ##.#


There were no monsters in sight!

Vanquished Creatures
  2 ball pythons (D:1)
  A goblin (D:1)
  A quokka (D:1)
  A bat (D:1)
  A frilled lizard (D:1)
6 creatures vanquished.

Notes
Turn   | Place    | Note
-------+----------+-------------------------------------------
     0 | D:1      | Peloso the Minotaur Fighter began the quest for the Orb.
     0 | D:1      | Reached XP level 1. HP: 19/19 MP: 0/0
   684 | D:1      | Gained mutation: You are agile. (Dex +2) [potion of
                  | mutation]
   684 | D:1      | Gained mutation: Your body sometimes deteriorates upon
                  | taking damage. [potion of mutation]
   684 | D:1      | Gained mutation: You are somewhat resistant to further
                  | mutation. [potion of mutation]
   692 | D:$      | Got out of the dungeon alive.

Illustrated notes

Levels and vault maps discovered:
D:1:      roderic_chinese_lattice_arrival, layout_loops_ring, minmay_octomino_e4

Action                   || total
-------------------------++-------
Melee: Long sword        ||    12
       Headbutt          ||     1
  Use: Potion            ||     1
Armor: Scale mail        ||     7
Dodge: Dodged            ||     5
Block: Buckler           ||     3
